 Dungeon Crawl Stone Soup version 0.22-a0-525-gf69a080 (webtiles) character file.

3080 gmonis the Basher (level 9, -1/72 HPs)
             Began as a Minotaur Berserker on June 21, 2018.
             Was an Elder of Trog.
             Shot with an arrow by a centaur (7 damage)
             ... on level 7 of the Dungeon.
             The game lasted 00:18:55 (8479 turns).

gmonis the Basher (Minotaur Berserker)              Turns: 8479, Time: 00:18:56

Health: -1/72      AC:  7    Str: 25    XL:     9   Next: 58%
Magic:  8/8        EV: 12    Int:  7    God:    Trog [****..]
Gold:   178        SH:  0    Dex: 13    Spells: 8/8 levels left

rFire    . . .     SeeInvis .   E - +4 mace "Coripnum" {venom, Str+3 Int+3}
rCold    + . .     Gourm    .   (no shield)
rNeg     . . .     Faith    .   F - +0 ring mail
rPois    .         Spirit   .   (helmet restricted)
rElec    .         Reflect  .   (no cloak)
rCorr    .         Harm     .   (no gloves)
MR       .....                  (no boots)
Stlth    +.........             A - amulet of rage
HPRegen  0.22/turn              m - +1 ring of protection
MPRegen  0.11/turn              o - ring of protection from cold

@: no status effects
A: retaliatory headbutt, horns 2
a: Berserk, Trog's Hand, Brothers in Arms, Renounce Religion, Evoke Berserk Rage


You were on level 7 of the Dungeon.
You worshipped Trog.
Trog was greatly pleased with you.
You were not hungry.

You visited 1 branch of the dungeon, and saw 7 of its levels.
You also visited: Ossuary.

You collected 178 gold pieces.

Inventory:

Hand Weapons
 a - a +0 mace
 u - a +0 dire flail of crushing
 y - a +3 flail of crushing
 E - the +4 mace "Coripnum" (weapon) {venom, Str+3 Int+3}
   (You found it on level 5 of the Dungeon)

   It poisons the flesh of those it strikes.
   It affects your strength (+3).
   It affects your intelligence (+3).
Missiles
 f - 218 stones (quivered)
Armour
 b - a +0 animal skin
 D - a -1 cloak
 F - a +0 ring mail (worn)
Jewellery
 d - an uncursed ring of stealth
 m - a +1 ring of protection (left hand)
 o - a ring of protection from cold (right hand)
 A - an amulet of rage (around neck)
Wands
 t - a wand of polymorph (19)
 v - a wand of flame (66)
 G - a wand of scattershot (5)
Scrolls
 e - 2 scrolls of random uselessness {unknown}
 g - 2 scrolls of magic mapping {unknown}
 h - a scroll of fear {unknown}
 i - 3 scrolls of identify
 j - 4 scrolls of amnesia
 k - 4 scrolls of teleportation
 l - 4 scrolls of remove curse
 n - a scroll of immolation {unknown}
 p - 3 scrolls of noise {unknown}
 q - a scroll of blinking {unknown}
 r - 4 scrolls of enchant armour {unknown}
 B - 2 scrolls of enchant weapon {unknown}
 I - a scroll of silence {unknown}
 K - a scroll of holy word {unknown}
Potions
 s - a potion of flight {unknown}
 w - a potion of lignification {unknown}
 x - a potion of curing {unknown}
 z - a potion of brilliance {unknown}
 C - a potion of haste {unknown}
 H - a potion of agility {unknown}
 J - a potion of heal wounds
 L - a potion of might {unknown}
Comestibles
 c - 9 rations


   Skills:
 + Level 4.7 Fighting
 - Level 14.0 Maces & Flails
 + Level 6.6 Armour
 + Level 3.4 Dodging


You had 8 spell levels left.
You didn't know any spells.
Your spell library was empty.

Dungeon Overview and Level Annotations

Branches:
Dungeon (7/15)             Temple (0/1) D:7

Altars:
Dithmenos
Vehumet

Shops:
D:5 *[

Annotations:
D:5 3 runed doors, Azzok's ghost, novice GrBe


Innate Abilities, Weirdness & Mutations

You reflexively headbutt those who attack you in melee.
You have a pair of horns on your head.


Message History

The centaur shoots an arrow.
The arrow hits you.
You see here an arrow.
The centaur shoots an arrow.
The arrow misses you.
The centaur shoots an arrow.
The arrow barely misses you.
You hear a bark!
You see here an arrow.
You recover from your berserk rage.
The centaur shoots an arrow.
The arrow closely misses you.
The centaur shoots an arrow.
The arrow hits you.
You see here 3 arrows.
The centaur shoots an arrow.
The arrow closely misses you.
The centaur shoots an arrow.
The arrow hits you!
* * * LOW HITPOINT WARNING * * *
You hear an angry hiss.
You see here an arrow.
You hear a bark!
The centaur shoots an arrow.
The arrow hits you!
* * * LOW HITPOINT WARNING * * *
The centaur shoots an arrow.
The arrow hits you!
You die...

....+.....#.#.......# #..#
....#.....รท..############.#######
....####.#)......................
########.#..#####################
#.........'## ###
#.........#)###.###.#
###.........#.........#
.........#..#####(#####
##########...#..@(..)# ..#
#.....####.#### #.# #.#....#.(...#
#.######......###.###
#.....##.......#((.#
#.....##.......##.##
......##........#c#
...#####...##...#Z#
................##.


You could see a centaur and a centaur skeleton.

Vanquished Creatures
  A hippogriff (D:7)
  Menkaure (D:5)
  Edmund (D:5)
  A water moccasin (D:7)
  A black bear (D:6)
  A necrophage (D:7)
  A sky beast (D:7)
  2 centaurs
  Blork the orc (D:5)
  3 elf zombies (Ossuary)
  3 bullfrogs
  2 wyvern skeletons (D:7)
  4 killer bees (D:7)
  5 wights (D:7)
  A centaur zombie (Ossuary)
  A crimson imp (D:6)
  A human zombie (Ossuary)
  2 centaur skeletons
  Crazy Yiuf (D:5)
  5 orc priests
  2 hounds
  2 bullfrog skeletons (D:4)
  5 iguanas
  3 orc wizards
  Ijyb (D:5)
  6 worker ants
  A big kobold zombie (Ossuary)
  A hound zombie (D:7)
  2 mummies (Ossuary)
  A gnoll (D:7)
  14 adders
  4 shadow imps
  An ooze (D:3)
  3 adder zombies (Ossuary)
  3 adder skeletons
  2 worms
  4 leopard geckos
  14 orcs
  4 bats
  2 giant cockroaches
  3 goblins
  6 hobgoblins
  13 jackals
  6 quokkas
  2 ball pythons
  3 frilled lizards
  12 hobgoblin zombies (Ossuary)
  A jackal skeleton (D:6)
  4 kobolds
  10 kobold zombies (Ossuary)
  A leopard gecko zombie (D:5)
  5 orc zombies (Ossuary)
  10 rats
  A rat zombie (Ossuary)
190 creatures vanquished.

Notes
Turn   | Place    | Note
-------+----------+-------------------------------------------
     0 | D:1      | gmonis the Minotaur Berserker began the quest for the Orb.
     0 | D:1      | Reached XP level 1. HP: 19/19 MP: 0/0
   310 | D:1      | Reached skill level 4 in Maces & Flails
  1141 | D:2      | Reached XP level 2. HP: 20/26 MP: 1/1
  1322 | D:2      | Reached skill level 5 in Maces & Flails
  1322 | D:2      | Reached XP level 3. HP: 13/31 MP: 2/2
  2124 | D:2      | Reached skill level 6 in Maces & Flails
  2124 | D:2      | Reached XP level 4. HP: 35/39 MP: 3/3
  2701 | D:3      | Reached ** piety under Trog
  3181 | D:3      | Reached skill level 7 in Maces & Flails
  3181 | D:3      | Reached XP level 5. HP: 44/45 MP: 4/4
  3546 | D:3      | Reached skill level 8 in Maces & Flails
  3548 | D:3      | Reached XP level 6. HP: 36/51 MP: 5/5
  4270 | D:4      | Reached skill level 9 in Maces & Flails
  4331 | D:4      | Reached *** piety under Trog
  4774 | D:5      | Entered Level 5 of the Dungeon
  4777 | D:5      | Noticed Azzok's ghost (novice GrBe)
  4778 | D:5      | Noticed a troll
  4921 | D:5      | Noticed Blork the orc
  4944 | D:5      | Killed Blork the orc
  4944 | D:5      | Reached XP level 7. HP: 53/57 MP: 6/6
  4973 | D:5      | Found Gusibod's Assorted Antiques.
  5082 | D:5      | Noticed Edmund
  5089 | D:5      | Killed Edmund
  5089 | D:5      | Reached skill level 10 in Maces & Flails
  5203 | D:5      | Found a runed gate.
  5203 | D:5      | Found a runed gate.
  5203 | D:5      | Found a runed gate.
  5245 | D:5      | Noticed Ijyb
  5250 | D:5      | Killed Ijyb
  5288 | D:5      | Noticed Menkaure
  5296 | D:5      | Killed Menkaure
  5296 | D:5      | Reached skill level 11 in Maces & Flails
  5646 | D:5      | Found a runed door.
  5709 | D:5      | Found Myhettyu's Armour Boutique.
  5790 | D:5      | Reached XP level 8. HP: 43/64 MP: 7/7
  6135 | D:5      | Noticed Crazy Yiuf
  6139 | D:5      | Killed Crazy Yiuf
  6149 | D:5      | Got a polished mace
  6150 | D:5      | Identified the +4 mace "Coripnum" {venom, Str+3 Int+3} (You found it on level 5 of the Dungeon)
  6583 | D:6      | Found a shadowy altar of Dithmenos.
  6625 | D:6      | Reached skill level 12 in Maces & Flails
  7290 | D:7      | Reached **** piety under Trog
  7290 | D:7      | Reached skill level 13 in Maces & Flails
  7447 | D:7      | Found a staircase to the Ecumenical Temple.
  7505 | D:7      | Found a sand-covered staircase.
  7510 | Ossuary  | Entered an ossuary
  7535 | Ossuary  | Received a gift from Trog
  7608 | Ossuary  | Reached XP level 9. HP: 63/70 MP: 8/8
  7628 | Ossuary  | Reached skill level 5 in Armour
  8089 | D:7      | Found a radiant altar of Vehumet.
  8127 | D:7      | Reached skill level 14 in Maces & Flails
  8479 | D:7      | Shot with an arrow by a centaur

Vault maps used:
D:1:      shiori_arrival_elements
D:2:      nicolae_overflow_hidden_temple, minmay_fountain_box
D:5:      serial_shops, nicolae_shop_overgrown_old_shop, gammafunk_ghost_split,
          first_ration, minmay_shop_grid_forest, uniq_ijyb,
          uniq_crazy_yiuf_cottage, uniq_menkaure, uniq_edmund,
          uniq_blork_the_orc
D:6:      nicolae_dithmenos_shadow_blocks
D:7:      minmay_the_grid_triangle_9x9_rhombus_full,
          minmay_temple_entry_from_below_b, enter_ossuary_2,
          vehumet_altar_wand_db
Ossuary:  ossuary_tomb_1

Skill      XL: |  1  2  3  4  5  6  7  8  9 |
---------------+----------------------------+-----
Maces & Flails | 4 5 6 7 8 9 11 13 14 | 14.0
Armour         | 4 6 |  6.6
Fighting       | 4 |  4.7
Dodging        | 3 |  3.4

Action                   |  1- 3 |  4- 6 |  7- 9 || total
-------------------------+-------+-------+-------++-------
Melee: Mace              |    55 |   123 |   224 ||   402
       Headbutt          |     5 |    16 |    58 ||    79
       Unarmed           |       |     7 |       ||     7
       Flail             |       |       |    36 ||    36
       Dire flail        |       |       |     8 ||     8
Invok: Berserk           |       |     2 |     2 ||     4
  Use: Scroll            |       |       |     3 ||     3
       Potion            |       |       |     2 ||     2
 Stab: Distracted        |       |     1 |       ||     1
       Confused          |       |     2 |       ||     2
  Eat: Chunk             |     4 |    10 |     6 ||    20
       Ration            |       |       |     2 ||     2
Armor: Animal skin       |    15 |    23 |     3 ||    41
       Skin              |       |     1 |       ||     1
       Ring mail         |       |       |    71 ||    71
Dodge: Dodged            |    46 |    84 |   138 ||   268

Table legend:
 A = Spawn XP
 B = Non-spawn XP
 C = Spawn XP percentage of total XP
 D = Spawn monster count
 E = Non-spawn monster count
 F = Spawn count percentage of total count
 G = Total turns spent on level
                    A         B        C        D         E        F      G
               +---------+---------+-------+---------+---------+-------+---------
         Total |       0 |    4401 |   0.0 |       0 |     190 |   0.0 |  8479
               +---------+---------+-------+---------+---------+-------+---------
           D:1 |       0 |      11 |   0.0 |       0 |       8 |   0.0 |  1129
           D:2 |       0 |     104 |   0.0 |       0 |      26 |   0.0 |  1915
           D:3 |       0 |     274 |   0.0 |       0 |      31 |   0.0 |   717
           D:4 |       0 |     248 |   0.0 |       0 |      14 |   0.0 |  1129
           D:5 |       0 |     849 |   0.0 |       0 |      19 |   0.0 |  1450
           D:6 |       0 |     642 |   0.0 |       0 |      18 |   0.0 |   904
           D:7 |       0 |    1777 |   0.0 |       0 |      35 |   0.0 |  1015
       Ossuary |       0 |     496 |   0.0 |       0 |      39 |   0.0 |   220
               +---------+---------+-------+---------+---------+-------+---------
